 Dungeon Crawl Stone Soup version 0.30-a0-711-gf4ac18a38d (webtiles) character file.

Game seed: 11549171387410742885

934 nucleargodhead the Fighter (level 7, -2/69 HPs)
             Began as a Minotaur Berserker on Jan 20, 2023.
             Was a Priest of Trog.
             Killed from afar by a white imp (7 damage)
             ... with a puff of frost
             ... on level 6 of the Dungeon on Jan 22, 2023.
             The game lasted 00:06:18 (4741 turns).

nucleargodhead the Fighter (Minotaur Berserker)     Turns: 4741, Time: 00:06:18

Health: -2/69      AC:  5    Str: 21    XL:     7   Next: 86%
Magic:  6/6        EV: 11    Int:  4    God:    Trog [***...]
Gold:   162        SH:  0    Dex: 12    Spells: 6/6 levels left

rFire   . . .      SeeInvis .    A - +0 long sword
rCold   . . .      Faith    .    (no shield)
rNeg    . . .      Spirit   .    v - +0 ring mail
rPois   .          Reflect  .    (helmet restricted)
rElec   .          Harm     .    (no cloak)
rCorr   .          Rampage  .    (no gloves)
Will    .....                    (no boots)
Stlth   +                        (no amulet)
HPRegen 0.31/turn                (no ring)
MPRegen 0.10/turn                (no ring)

@: on berserk cooldown, slowed, very slow
A: horns 2, retaliatory headbutt
a: Renounce Religion, Berserk, Trog's Hand


You were on level 6 of the Dungeon.
You worshipped Trog.
Trog was most pleased with you.
You visited 1 branch of the dungeon, and saw 6 of its levels.

You collected 162 gold pieces.

Inventory:

Hand Weapons
 a - a +0 falchion
 A - a +0 long sword (weapon)
Armour
 v - a +0 ring mail (worn)
Jewellery
 y - a +4 ring of protection
Scrolls
 b - 3 scrolls of fog {unknown}
 c - a scroll of noise
 d - 3 scrolls of teleportation
 f - a scroll of enchant armour {unknown}
 g - 3 scrolls of amnesia {unknown}
 j - a scroll of silence {unknown}
 k - 3 scrolls of fear {unknown}
 l - 3 scrolls of immolation {unknown}
 m - a scroll of butterflies {unknown}
 o - 2 scrolls of vulnerability
 q - a scroll of poison {unknown}
 r - a scroll of enchant weapon {unknown}
 u - a scroll of identify {unknown}
 w - 2 scrolls of blinking {unknown}
 B - a scroll of magic mapping {unknown}
Potions
 e - a potion of flight {unknown}
 h - 3 potions of haste {unknown}
 i - 2 potions of brilliance {unknown}
 n - 2 potions of might {unknown}
 p - 5 potions of curing {unknown}
 s - 2 potions of lignification {unknown}
 t - a potion of mutation {unknown}
 x - a potion of ambrosia {unknown}
 z - a potion of cancellation {unknown}


   Skills:
 + Level 8.5 Fighting
 + Level 8.5 Long Blades
 - Level 2.4 Armour
 - Level 2.1 Dodging


You had 6 spell levels left.
You didn't know any spells.
Your spell library was empty.

Dungeon Overview and Level Annotations

Branches:
Dungeon (6/15)
 Temple: D:4-7

Altars:
Fedhas
Xom

Portals:
Abyss: D:4

Annotations:
D:4 2 transporters


Innate Abilities, Weirdness & Mutations

You have a pair of horns on your head.
You reflexively headbutt those who attack you in melee.


Message History

The ogre hits you with a +0 giant club!!
The ufetubus barely misses you. The ufetubus misses you.
You hear a shout!
You are too injured to fight recklessly!
You are too injured to fight recklessly!
You are too injured to fight recklessly!
You slash the ogre!
You kill the ogre!
Trog accepts your kill.
A white imp comes into view.
The ufetubus closely misses you.
The ufetubus hits you but does no damage.
You closely miss the ufetubus. Your headbutt misses the ufetubus.
The ufetubus hits you.
The ufetubus hits you but does no damage.
You slice the ufetubus!!
You kill the ufetubus!
Trog accepts your kill.
You feel a strong urge to attack something.
You feel your anger nearly subside.
You are no longer berserk.
You are exhausted.
You feel yourself slow down. The white imp gestures at you.
The puff of frost hits you!
* * * LOW HITPOINT WARNING * * *
The white imp gestures at you. The puff of frost misses you.
The white imp gestures at you. The puff of frost hits you!
* * * LOW HITPOINT WARNING * * *
The white imp gestures at you. The puff of frost hits you.
* * * LOW HITPOINT WARNING * * *
The white imp gestures at you. The puff of frost hits you.
* * * LOW HITPOINT WARNING * * *
There is a stone staircase leading up here.
The white imp gestures at you. The puff of frost hits you!
You die...

#.....##....#..##......##..
##....##...##..#......#....
#.......#.#... .........
##.....##....# ###$..)..
###...# #...#####.#.#....
##..###...........#5.#.
##...#.#............#.
#...).#.........#....
###.@...5....##.#..##
##.#..........##..#
####........## ...
##........# #..
##....##...####..
#..(...#....#.#..
##...............
##...#..[...##..
##..##.##.##..#


You could see a white imp.

Vanquished Creatures
  A water moccasin (D:5)
  An ogre (D:6)
  A phantom (D:5)
  Blork the orc (D:6)
  3 scorpions
  A jelly (D:5)
  A hound (D:4)
  An orc priest (D:5)
  2 iguanas
  An orc wizard (D:5)
  8 adders
  5 gnolls
  A shadow imp (D:5)
  3 ufetubi
  3 worms
  3 dart slugs
  15 orcs
  5 ball pythons
  4 endoplasms
  A giant cockroach (D:3)
  7 goblins
  6 hobgoblins
  13 jackals
  A quokka (D:3)
  9 bats
  4 frilled lizards
  3 kobolds
  6 rats
110 creatures vanquished.

Notes
Turn   | Place    | Note
-------+----------+-------------------------------------------
     0 | D:1      | nucleargodhead the Minotaur Berserker began the quest for
                  | the Orb.
     0 | D:1      | Reached XP level 1. HP: 19/19 MP: 0/0
     2 | D:1      | Noticed a naga
     2 | D:1      | Noticed a minotaur
     4 | D:1      | Noticed an elf
     6 | D:1      | Noticed a felid
     6 | D:1      | Noticed a vampire
     8 | D:1      | Noticed a demigod
    10 | D:1      | Noticed a gargoyle
    10 | D:1      | Noticed a tengu
    12 | D:1      | Noticed an ogre
    12 | D:1      | Noticed a formicid
    14 | D:1      | Noticed a troll
    14 | D:1      | Noticed a ghoul
    16 | D:1      | Noticed a meteoran
    16 | D:1      | Noticed a merfolk
    18 | D:1      | Noticed a spriggan
    20 | D:1      | Noticed a demonspawn
    20 | D:1      | Noticed an armataur
    22 | D:1      | Noticed an octopode
    22 | D:1      | Noticed a draconian
    24 | D:1      | Noticed a vine stalker
    24 | D:1      | Noticed a merfolk
    26 | D:1      | Noticed a meteoran
    26 | D:1      | Noticed a troll
   198 | D:1      | Reached XP level 2. HP: 21/27 MP: 1/1
   646 | D:2      | Reached XP level 3. HP: 30/34 MP: 2/2
   987 | D:2      | Reached ** piety under Trog
  1476 | D:3      | Reached XP level 4. HP: 41/41 MP: 3/3
  1496 | D:3      | Reached skill level 5 in Fighting
  1496 | D:3      | Reached skill level 5 in Long Blades
  1684 | D:3      | Found a faded altar of an unknown god.
  1868 | D:3      | Found a blossoming altar of Fedhas.
  1868 | D:3      | Found a shimmering altar of Xom.
  2182 | D:3      | Upgraded the game from 0.30-a0-696-g2367cd04db to
                  | 0.30-a0-711-gf4ac18a38d
  2344 | D:4      | Found a transporter.
  2371 | D:4      | Reached XP level 5. HP: 40/48 MP: 4/4
  2424 | D:4      | Noticed a small abomination
  2426 | D:4      | Noticed a small abomination
  2437 | D:4      | Found a transporter.
  2627 | D:4      | Reached *** piety under Trog
  2869 | D:4      | Found a one-way gate to the infinite horrors of the Abyss.
  2945 | D:5      | Entered Level 5 of the Dungeon
  2971 | D:5      | Noticed a phantom
  2978 | D:5      | Killed a phantom
  2979 | D:5      | Reached XP level 6. HP: 58/58 MP: 5/5
  3474 | D:5      | Reached XP level 7. HP: 22/66 MP: 6/6
  3865 | D:5      | HP: 3/67 [poisoned by a water moccasin]
  4283 | D:6      | Noticed Blork the orc
  4294 | D:6      | Killed Blork the orc
  4741 | D:6      | Killed from afar by a white imp

Illustrated notes

Levels and vault maps discovered:
D:1:      kb_arrival_jail, layout_basic, chequers_serial_rivers_micro_d,
          nicolae_titane
D:2:      layout_basic
D:3:      layout_basic, mainiacjoe_overflow_divided_tiny,
          shapermc_ecumenical_altar_mp_highgroup, grunt_ministairs_13
D:4:      layout_cave_pools, gammafunk_ghost_abyssal_escape
D:5:      layout_basic
D:6:      layout_cave_pools, minmay_temple_entry_trees, uniq_blork_the_orc

Skill      XL: |  1  2  3  4  5  6  7 |
---------------+----------------------+-----
Fighting       | 4 5 6 7 8 |  8.5
Long Blades    | 4 5 6 7 8 |  8.5
Armour         | |  2.4
Dodging        | |  2.1

Action                     |  1- 3 |  4- 6 |  7- 9 || total
---------------------------+-------+-------+-------++-------
  Melee: Falchion          |    72 |   150 |    17 ||   239
         Headbutt          |    15 |    28 |     9 ||    52
         Long sword        |       |       |    25 ||    25
 Invoke: Berserk           |     1 |     4 |     2 ||     7
    Use: Scroll            |       |     3 |       ||     3
 Armour: Animal skin       |    14 |    11 |       ||    25
         Ring mail         |       |    29 |    13 ||    42
  Dodge: Dodged            |    57 |    90 |    32 ||   179

Table legend: (Time is in decaauts)
 A = Elapsed time spent in this place.
 B = Non-inter-level travel time spent in this place.
 C = Inter-level travel time spent in this place.
 D = Time resting spent in this place.
 E = Time spent auto-exploring this place.
 F = Levels seen in this place.
 G = Mean time per level.
                   A        B        C        D        E       F      G
               +--------+--------+--------+--------+--------+-----+--------+
         Total |   4798 |   4465 |    333 |    922 |   2820 |   6 |  799.7 |
       Dungeon |   4798 |   4465 |    333 |    922 |   2820 |   6 |  799.7 |
               +--------+--------+--------+--------+--------+-----+--------+

Top non-repeatable levels by time:
     D:5: 1428 daAuts
     D:2: 936 daAuts
     D:3: 846 daAuts
     D:4: 608 daAuts
     D:1: 597 daAuts
     D:6: 381 daAuts
